cohdb
Replays
Latest Replays
All Replays
Popular Replays
Top Player Replays
Match Explorer
How It Works
Community
CoH3 Stats
Reddit
Sign in to upload your games and track your stats! →
Sign in with Steam
Match 44675916
Unlisted
Match 44675916
Overview
Messages
Build Orders
End
Construct Section Command Post
Selects Heavy Armor Battlegroup
Selects Heavy Armor Battlegroup
Infantry Section
Infantry Section
Infantry Section
ML 3-inch Mortar Team
ML 3-inch Mortar Team
Royal Engineer Section
Construct Field Infirmary
Construct Platoon Command Post
Construct Company Command Post
Selects Light Vehicle Withdraw and Refit
Selects Radio Net
Selects Recon Artillery
Matilda II Heavy Tank
Selects Rigorous Vehicle Training
Grenade Package
Infantry Section
Infantry Section
Matilda II Heavy Tank
Selects Forward Repair Assembly
Infantry Training
Armored Vehicle Training
Recon Artillery
Foot Guards Section
Selects Churchill Black Prince Heavy Tank
Churchill Black Prince Heavy Tank
SALADIN
Arturokq
小菜鸡
79005831
benci.emme
Dnaxdevil
0
0
Comments
sign in to comment!
No comments posted yet!